 Dungeon Crawl Stone Soup version 0.31-a0-360-gb3e1d13bf4 (webtiles) character file.

Game seed: 76756027003156999

651 CraigForest the Ruffian (level 7, -3/62 HPs)
             Began as a Troll Shapeshifter on July 26, 2023.
             Slain by Blork the orc
             ... wielding a +0 glaive
              (11 damage)
             ... on level 4 of the Dungeon.
             The game lasted 00:13:35 (2572 turns).

CraigForest the Ruffian (Troll Shapeshifter)        Turns: 2572, Time: 00:13:36

Health: -3/62      AC:  4    Str: 24    XL:     7   Next: 28%
Magic:  6/6        EV: 15    Int:  4    God:
Gold:   200        SH:  0    Dex: 12    Spells: 4/6 levels left

rFire   . .          .
                       - Unarmed
rCold   . . .        (no shield)
rNeg    . . .        v - +0 robe
rPois   .            (helmet currently unavailable)
rElec   .            (cloak currently unavailable)
rCorr   .            (gloves unavailable)
SInv    .            (boots unavailable)
Will    .....        (no amulet)
Stlth   +            i - +5 ring of evasion
HPRegen 1.10/turn    (no ring)
MPRegen 0.10/turn

%: no passive effects
@: beast-form
A: beast (slay +3), large, unfitting armour, claws 3, regeneration 1, shaggy fur
1, tough skin 1
a: Begin Untransformation


You were on level 4 of the Dungeon.
You were a hulking beast.
You visited 1 branch of the dungeon, and saw 4 of its levels.

You collected 200 gold pieces.

Inventory:

Hand Weapons
 h - a +4 sling
 n - a +0 falchion
 o - the +6 spear "Qymn" {freeze, Will+ Dex+3}
   (You found it on level 3 of the Dungeon)

   Dex:       It affects your dexterity (+3).
   Will:      It increases your willpower.
 p - a +0 quarterstaff
 r - a +0 hand axe
Missiles
 q - a throwing net
Armour
 v - a +0 robe (worn)
Jewellery
 i - a +5 ring of evasion (left claw)
Talismans
 c - a beast talisman
Scrolls
 d - a scroll of identify
 e - a scroll of revelation {unknown}
 f - a scroll of torment {unknown}
 g - a scroll of brand weapon {unknown}
 j - a scroll of fog {unknown}
 k - 3 scrolls of immolation {unknown}
 m - a scroll of vulnerability {unknown}
 s - a scroll of enchant armour {unknown}
 t - a scroll of enchant weapon {unknown}
Potions
 a - a potion of magic
 b - a potion of lignification
 l - a potion of heal wounds
 u - 3 potions of haste


   Skills:
 + Level 1.0 Fighting
 - Level 0.4 Ranged Weapons
 + Level 2.4 Dodging
 + Level 5.8 Unarmed Combat
 * Level 5.5 Shapeshifting


You had 4 spell levels left.
You knew the following spells:

 Your Spells              Type           Power      Damage    Failure   Level
a - Wereblood             Tmut           0%         N/A       65%         2

Your spell library contained the following spells:

 Spells                   Type           Power      Damage    Failure   Level
 Irradiate                Conj/Tmut      0%         3d11      100%        5


Dungeon Overview and Level Annotations

Branches:
Dungeon (4/15)
 Temple: D:4-7

Altars:
The Shining One

Shops:
D:2 =

Annotations:
D:4 Blork the orc


Innate Abilities, Weirdness & Mutations

You are a hulking beast.
Your limbs bulge with bestial killing power. (Slay +3)
You are too large for most types of armour.
You have claws for hands.
Your natural rate of healing is unusually fast.
You are covered in fur. (AC +1)
You have tough skin. (AC +1)


Message History

The plant begins to die.
A nearby plant withers and dies.
The gnoll misses you.
The gnoll hits the plant with a +0 spear!
The plant begins to die.
Blork the orc hits the plant with a +0 glaive!!
Blork the orc hits the plant with a +0 glaive!
The gnoll closely misses you.
Blork the orc screams, "I'm much stronger than you!"
Blork the orc hits the plant with a +0 glaive!
The plant begins to die.
You barely miss the gnoll.
A nearby plant withers and dies. x2
The gnoll completely misses you. The gnoll misses you.
You claw the gnoll!
The gnoll is severely wounded.
The gnoll misses you. x2
You scratch the gnoll.
You kill the gnoll!
The gnoll misses you. Blork the orc closely misses you.
The gnoll hits you with a +0 spear.
You claw the gnoll!
The gnoll is severely wounded.
A nearby plant withers and dies.
Blork the orc gestures at you while chanting.
The magic dart hits you! The gnoll closely misses you.
You mangle the gnoll!!
You kill the gnoll!
Blork the orc hits you with a +0 glaive!
* * * LOW HITPOINT WARNING * * *
Blork the orc gestures at you while chanting.
The puff of frost hits you!
* * * LOW HITPOINT WARNING * * *
Things that are here:
a +0 spear; a gnoll corpse You claw Blork the orc!
Blork the orc is heavily wounded.
Blork the orc completely misses you.
You scratch Blork the orc.
Blork the orc is heavily wounded.
Blork the orc hits you with a +0 glaive!
You die...

#...................
##..............#...
##............##...
#######........#...
#.....#....#...##..
###.PPP.#....##...##.
#.#...P.'.....##.....
####.#._.).'....)##..g..
#.#..#.ho..'......#....†
##....#..P.)#..........))
#.....#...).##.......)..†
##....#######........)...
##....#.##..............
####......####........#...
#....(..#...........##....
##.....#........###........
#......##...÷........###...


You could see Blork the orc.

Vanquished Creatures
  Sigmund (D:4)
  A lemure (D:4)
  A phantom (D:4)
  A scorpion (D:3)
  A hound (D:4)
  A gnoll bouda (D:4)
  2 iguanas (D:4)
  A sleepcap (D:4)
  11 gnolls
  3 adders
  A worm (D:2)
  3 dart slugs
  3 orcs
  6 ball pythons
  7 bats
  6 endoplasms
  A giant cockroach (D:1)
  5 goblins
  6 hobgoblins
  4 jackals (D:4)
  5 quokkas
  3 frilled lizards
  3 kobolds
  A rat (D:3)
77 creatures vanquished.

Notes
Turn   | Place    | Note
-------+----------+-------------------------------------------
     0 | D:1      | CraigForest the Troll Shapeshifter began the quest for the
                  | Orb.
     0 | D:1      | Reached XP level 1. HP: 18/18 MP: 0/0
   138 | D:1      | Reached XP level 2. HP: 26/26 MP: 1/1
   613 | D:2      | Found Daowepeityr's Jewellery Shop.
   672 | D:2      | Reached XP level 3. HP: 24/32 MP: 2/2
  1464 | D:3      | Noticed a scorpion
  1469 | D:3      | Killed a scorpion
  1470 | D:3      | Reached XP level 4. HP: 36/40 MP: 3/3
  1605 | D:3      | Identified the +6 spear "Qymn" {freeze, Will+ Dex+3}
  1882 | D:3      | Reached XP level 5. HP: 25/46 MP: 4/4
  2167 | D:4      | Noticed Sigmund
  2178 | D:4      | Killed Sigmund
  2179 | D:4      | Reached XP level 6. HP: 54/54 MP: 5/5
  2190 | D:4      | Reached skill level 5 in Shapeshifting
  2203 | D:4      | Reached skill level 5 in Unarmed Combat
  2267 | D:4      | Learned a level 2 spell: Wereblood
  2338 | D:4      | Reached XP level 7. HP: 59/61 MP: 6/6
  2459 | D:4      | Found a glowing golden altar of the Shining One.
  2513 | D:4      | Noticed Blork the orc
  2515 | D:4      | Reached skill level 1 in Fighting
  2572 | D:4      | Slain by Blork the orc

Illustrated notes

Levels and vault maps discovered:
D:1:      lightli_arrival_farm, layout_basic, nicolae_figureground_sparkle
D:2:      layout_basic, serial_shops, nicolae_shop_tiny_real_fake_doors
D:3:      layout_basic
D:4:      layout_cave_pools, mainiacjoe_overflow_alcove_4, uniq_blork_the_orc,
          uniq_sigmund, uniq_pikel

Skill      XL: |  1  2  3  4  5  6  7 |
---------------+----------------------+-----
Shapeshifting  | 4 5 |  5.5
Dodging        | 2 |  2.4
Unarmed Combat | 4 5 |  5.8
Fighting       | 1 |  1.0
Ranged Weapons | |  0.4

Action                     |  1- 3 |  4- 6 |  7- 9 || total
---------------------------+-------+-------+-------++-------
  Melee: Unarmed           |    55 |    77 |    37 ||   169
         Punch             |     2 |     4 |     1 ||     7
   Fire: Sling             |     9 |       |       ||     9
    Use: Scroll            |       |       |     3 ||     3
   Stab: Sleeping          |     1 |       |       ||     1
 Armour: Robe              |    16 |    11 |     1 ||    28
         Animal skin       |     2 |       |       ||     2
  Dodge: Dodged            |    22 |    62 |    56 ||   140

Table legend: (Time is in decaauts)
 A = Elapsed time spent in this place.
 B = Non-inter-level travel time spent in this place.
 C = Inter-level travel time spent in this place.
 D = Time resting spent in this place.
 E = Time spent auto-exploring this place.
 F = Levels seen in this place.
 G = Mean time per level.
                   A        B        C        D        E       F      G
               +--------+--------+--------+--------+--------+-----+--------+
         Total |   2560 |   2148 |    412 |      0 |   1568 |   4 |  640.0 |
       Dungeon |   2560 |   2148 |    412 |      0 |   1568 |   4 |  640.0 |
               +--------+--------+--------+--------+--------+-----+--------+

Top non-repeatable levels by time:
     D:2: 862 daAuts
     D:3: 677 daAuts
     D:1: 600 daAuts
     D:4: 420 daAuts
